 Dungeon Crawl Stone Soup version 0.22-a0-872-g6a232dd (webtiles) character file.

3094 prawnwizard the Carver (level 9, -10/72 HPs)
             Began as a Demonspawn Fighter on July 28, 2018.
             Was a Priest of Ru.
             Killed by the air
             ... invoked by Gastronok
              (21 damage)
             ... on level 8 of the Dungeon.
             The game lasted 00:17:47 (10371 turns).

prawnwizard the Carver (Demonspawn Fighter)        Turns: 10371, Time: 00:17:48

Health: -10/72     AC: 31    Str: 20    XL:     9   Next: 59%
Magic:  9/9        EV: 10    Int: 10    God:    Ru [***...]
Gold:   0          SH:  0    Dex: 12    Spells: 8/8 levels left

rFire    . . .     SeeInvis .   a - +0 long sword
rCold    + . .     Gourm    +   (no shield)
rNeg     . . .     Faith    .   x - +0 chain mail
rPois    .         Spirit   .   (no helmet)
rElec    .         Reflect  .   E - +0 cloak
rCorr    .         Harm     .   B - +0 pair of gloves
MR       +....                  v - +0 pair of boots
Stlth    ..........             h - amulet of the gourmand
HPRegen  0.22/turn              l - ring of protection from magic
MPRegen  0.11/turn              D - ring of wizardry

@: sanguine armour, slowed, very slow
A: talons 1, cold resistance 1, icemail, freezing cloud immunity, inability to
use devices, hated by all, sanguine armour 2
a: Draw Out Power, Renounce Religion


You were on level 8 of the Dungeon.
You worshipped Ru.
Ru was most pleased with you.
You were very full.

You visited 2 branches of the dungeon, and saw 9 of its levels.

Inventory:

Hand Weapons
 a - a +0 long sword (weapon)
Armour
 b - a +0 scale mail
 r - a +0 ring mail of cold resistance
 v - a +0 pair of boots (worn)
 x - a +0 chain mail (worn)
 B - a +0 pair of gloves (worn)
 E - a +0 cloak (worn)
Jewellery
 h - an amulet of the gourmand (around neck)
 l - a ring of protection from magic (left hand)
 D - a ring of wizardry (right hand)
Scrolls
 g - 2 scrolls of remove curse {unknown}
 j - 2 scrolls of teleportation {unknown}
 k - 4 scrolls of immolation {unknown}
 o - a scroll of enchant weapon {unknown}
 p - a scroll of fear {unknown}
 q - 5 scrolls of identify {unknown}
 y - a scroll of summoning {unknown}
 z - a scroll of fog {unknown}
 C - 2 scrolls of noise {unknown}
 G - a scroll of silence {unknown}
Potions
 c - a potion of mutation {unknown}
 e - a potion of brilliance {unknown}
 i - a potion of magic {unknown}
 n - a potion of agility {unknown}
 s - 3 potions of heal wounds
 t - 4 potions of degeneration {unknown}
 u - a potion of ambrosia {unknown}
 w - 2 potions of flight {unknown}
 A - a potion of curing
Comestibles
 f - 7 rations


   Skills:
 + Level 7.4 Fighting
 * Level 9.0 Long Blades
 - Level 2.7 Armour
 + Level 5.9 Dodging
   Level 2.6 Shields


You had 8 spell levels left.
You didn't know any spells.
Your spell library contained the following spells:

 Spells                   Type           Power        Failure   Level  Hunger
 Magic Dart               Conj           #...         82%         1    ##.....
 Conjure Flame            Conj/Fire      #.......     99%         3    ####...
 Slow                     Hex            #.......     91%         2    ###....
 Confuse                  Hex            #.......     99%         3    ####...
 Mephitic Cloud           Conj/Pois/Air  #.......     99%         3    ####...
 Blink                    Tloc           N/A          91%         2    ###....
 Call Imp                 Summ           #.......     91%         2    ###....
 Tukima's Dance           Hex            #.......     99%         3    ####...
 Ensorcelled Hibernation  Hex/Ice        #.....       91%         2    ###....
 Corona                   Hex            #......      82%         1    ##.....
 Dazzling Spray           Conj/Hex       #.....       99%         3    ####...


Dungeon Overview and Level Annotations

Branches:
Dungeon (8/15)             Temple (1/1) D:4
   Lair: D:8-11

Altars:
Ashenzari
Cheibriados
Dithmenos
Elyvilon
Gozag
Hepliaklqana
Kikubaaqudgha
Makhleb
Nemelex Xobeh
Okawaru
Qazlal
Ru
Sif Muna
Trog
Uskayaw
Vehumet
Wu Jian
Xom
Yredelemnul
Zin
The Shining One

Shops:
D:6 (

Annotations:
D:6 exclusion: oklob plant
D:8 Gastronok, Maurice


Innate Abilities, Weirdness & Mutations

You have sharp toenails.
Your flesh is cold resistant. (rC+)
A meltable icy envelope protects you from harm. (AC +10)
You are immune to freezing clouds.
You cannot study or use magical devices.
You are hated by all.
When seriously injured, your bleeding wounds create thick armour. (AC +9)


Message History

You slash Gastronok!
Gastronok is moderately wounded.
You hit Gastronok.
Gastronok is moderately wounded.
Gastronok bites you!!
Your blood congeals into armour.
You hit Gastronok.
Gastronok is moderately wounded.
Gastronok waves his eye-stalks in wide circles.
The air twists around and strikes you!
* * * LOW HITPOINT WARNING * * *
You are too injured to fight recklessly!
You hit Gastronok but do no damage.
Gastronok is moderately wounded.
You slash Gastronok!
Gastronok is moderately wounded.
Gastronok bites you!
* * * LOW HITPOINT WARNING * * *
Gastronok waves his eye-stalks in wide circles.
The air twists around and strikes you!
You die...

.. .# ## ?.# .#####..#
.......### #
#########...#..... #
#..............### #
#######.####>@.w.<......
.#
#............####.......
.....####..###### .......
...# #...## ..>....
##..###.### .......
#..#..# ####### ###...##
########## ##......####
#........#
...####)...######........#


You could see Gastronok.

Vanquished Creatures
  Pikel (D:5)
  Eustachio (D:5)
  Menkaure (D:6)
  Edmund (D:5)
  Duvessa (D:5)
  3 slaves (D:5)
  An ice beast (D:7)
  3 orc warriors
  A black bear (D:6)
  2 sky beasts
  2 ogres
  Blork the orc (D:6)
  A bullfrog (D:7)
  Dowan (D:5)
  3 scorpions
  5 wights (D:6)
  A howler monkey (D:5)
  5 crimson imps
  A bullfrog zombie (D:7)
  An orc priest (D:7)
  Crazy Yiuf (D:6)
  3 hounds
  An iguana (D:5)
  4 worker ants
  A hound skeleton (D:6)
  Robin (D:3)
  10 adders
  8 gnolls
  A shadow imp (D:6)
  3 oozes
  2 adder skeletons
  3 worms
  2 dart slugs
  4 leopard geckos
  12 orcs
  A ball python (D:2)
  4 bats
  3 giant cockroaches
  16 goblins
  13 hobgoblins
  12 jackals
  A quokka (D:5)
  2 frilled lizards
  8 kobolds
  A leopard gecko zombie (D:7)
  8 rats
161 creatures vanquished.

Vanquished Creatures (others)
  An ogre (D:7)
1 creature vanquished.

Grand Total: 162 creatures vanquished

Notes
Turn   | Place    | Note
-------+----------+-------------------------------------------
     0 | D:1      | prawnwizard the Demonspawn Fighter began the quest for the Orb.
     0 | D:1      | Reached XP level 1. HP: 18/18 MP: 1/1
    43 | D:1      | Reached skill level 2 in Long Blades
    91 | D:1      | Gained mutation: Your flesh is cold resistant. (rC+) [demonic ancestry]
    91 | D:1      | Reached XP level 2. HP: 24/24 MP: 2/2
   285 | D:1      | Gained mutation: You are immune to freezing clouds. [demonic ancestry]
   285 | D:1      | Reached XP level 3. HP: 27/29 MP: 3/3
   423 | D:2      | HP: 1/29 [poisoned by a goblin]
   758 | D:2      | Reached skill level 1 in Dodging
  1381 | D:2      | Reached skill level 3 in Long Blades
  1382 | D:2      | Gained mutation: A meltable icy envelope protects you from harm. (AC +10) [demonic ancestry]
  1382 | D:2      | Reached XP level 4. HP: 18/35 MP: 4/4
  1882 | D:2      | Reached XP level 5. HP: 12/42 MP: 5/5
  2169 | D:3      | Noticed Robin
  2414 | D:3      | Killed Robin
  2425 | D:3      | HP: 2/42 [poisoned by a kobold]
  2813 | D:3      | Reached skill level 4 in Long Blades
  3348 | D:4      | Reached XP level 6. HP: 39/48 MP: 6/6
  3424 | D:4      | Found a staircase to the Ecumenical Temple.
  3443 | Temple   | Entered the Ecumenical Temple
  3508 | Temple   | Became a worshipper of Ru the Awakened
  4249 | D:5      | Entered Level 5 of the Dungeon
  4309 | D:5      | Noticed Edmund
  4883 | D:5      | Killed Edmund
  4883 | D:5      | Reached skill level 5 in Long Blades
  4883 | D:5      | Gained mutation: When seriously injured, your bleeding wounds create armour. (AC +9) [demonic ancestry]
  4883 | D:5      | Reached XP level 7. HP: 34/55 MP: 7/7
  5254 | D:5      | Noticed Eustachio
  5349 | D:5      | Killed Eustachio
  5349 | D:5      | Reached skill level 5 in Fighting
  5614 | D:5      | Noticed Pikel
  5866 | D:5      | Killed Pikel
  5866 | D:5      | Reached skill level 6 in Long Blades
  5866 | D:5      | Gained mutation: When seriously injured, your bleeding wounds create thick armour. (AC +9) [demonic ancestry]
  5866 | D:5      | Reached XP level 8. HP: 22/64 MP: 8/8
  6340 | D:5      | Noticed Dowan
  6343 | D:5      | Gained mutation: You cannot study or use magical devices. [Ru sacrifice]
  6343 | D:5      | Reached * piety under Ru
  6343 | D:5      | Reached ** piety under Ru
  6352 | D:5      | Killed Dowan
  6500 | D:5      | Noticed Duvessa
  6527 | D:5      | Killed Duvessa
  6915 | D:6      | Reached skill level 7 in Long Blades
  7439 | D:6      | Noticed Blork the orc
  7446 | D:6      | Killed Blork the orc
  7446 | D:6      | Reached skill level 5 in Dodging
  7516 | D:6      | Found Maiz's Weapon Boutique.
  7524 | D:6      | Noticed Menkaure
  7530 | D:6      | Killed Menkaure
  7564 | D:6      | Gained mutation: You have sharp toenails. [demonic ancestry]
  7564 | D:6      | Reached XP level 9. HP: 55/71 MP: 9/9
  7644 | D:6      | Found a runed door.
  7722 | D:6      | Found a burning altar of Makhleb.
  7722 | D:6      | Noticed an oklob plant
  7866 | D:6      | Reached skill level 8 in Long Blades
  8223 | D:6      | Noticed Crazy Yiuf
  8225 | D:6      | Paralysed by Crazy Yiuf for 3 turns
  8242 | D:6      | Killed Crazy Yiuf
  9476 | D:7      | Gained mutation: You are hated by all. [Ru sacrifice]
  9476 | D:7      | Reached *** piety under Ru
 10057 | D:8      | Reached skill level 9 in Long Blades
 10138 | D:8      | Noticed Maurice
 10354 | D:8      | Noticed Gastronok
 10371 | D:8      | Killed from afar by Gastronok

Vault maps used:
D:1:      matt_arrival_grand_opening
D:3:      first_ration, serial_bayou_lagoon_b, uniq_robin
D:4:      minmay_temple_entry_glassed_door, glass_columns_a
D:5:      serial_bayou_lake_a, uniq_edmund, uniq_eustachio, uniq_duvessa,
          uniq_pikel
D:6:      serial_shops, shop, st_stairs_14, lemuel_oklob_altar,
          uniq_crazy_yiuf_cottage, uniq_blork_the_orc, uniq_menkaure
D:8:      lemuel_doored_altar, serial_shops, nicolae_shop_stone, uniq_maurice,
          uniq_gastronok, uniq_erica
Temple:   regret_index_temple_chain_breaker

Skill      XL: |  1  2  3  4  5  6  7  8  9 |
---------------+----------------------------+-----
Long Blades    | 2 3 4 5 6 7 9 |  9.0
Dodging        | 1 2 3 4 5 |  5.9
Fighting       | 4 5 6 7 |  7.4
Armour         | |  2.7
Shields        | |  2.6

Action                   |  1- 3 |  4- 6 |  7- 9 || total
-------------------------+-------+-------+-------++-------
Melee: Long sword        |    98 |   222 |   538 ||   858
Invok: Sacrifice Artific |       |       |     1 ||     1
       Sacrifice Love    |       |       |     1 ||     1
  Use: Potion            |       |     3 |       ||     3
       Scroll            |       |     2 |       ||     2
 Stab: Invisible         |       |       |     9 ||     9
       Distracted        |       |       |     2 ||     2
  Eat: Ration            |       |     2 |       ||     2
       Chunk             |       |    15 |    21 ||    36
Armor: Scale mail        |    70 |   142 |   171 ||   383
       Chain mail        |       |       |   151 ||   151
       Ring mail         |       |       |     9 ||     9
Dodge: Dodged            |    74 |   155 |   274 ||   503
       Rpst.: Long sword |    27 |    50 |    90 ||   167

Table legend:
 A = Spawn XP
 B = Non-spawn XP
 C = Spawn XP percentage of total XP
 D = Spawn monster count
 E = Non-spawn monster count
 F = Spawn count percentage of total count
 G = Total turns spent on level
                    A         B        C        D         E        F      G
               +---------+---------+-------+---------+---------+-------+---------
         Total |       0 |    4421 |   0.0 |       0 |     159 |   0.0 | 10371
               +---------+---------+-------+---------+---------+-------+---------
           D:1 |       0 |      60 |   0.0 |       0 |      28 |   0.0 |   825
           D:2 |       0 |     204 |   0.0 |       0 |      33 |   0.0 |  1564
           D:3 |       0 |      58 |   0.0 |       0 |      16 |   0.0 |  1244
           D:4 |       0 |     197 |   0.0 |       0 |      12 |   0.0 |   861
           D:5 |       0 |    1432 |   0.0 |       0 |      18 |   0.0 |  2197
           D:6 |       0 |    1286 |   0.0 |       0 |      23 |   0.0 |  1911
           D:7 |       0 |    1097 |   0.0 |       0 |      24 |   0.0 |  1252
           D:8 |       0 |      87 |   0.0 |       0 |       5 |   0.0 |   322
               +---------+---------+-------+---------+---------+-------+---------
